 Dungeon Crawl Stone Soup version 0.25.1-2-g60ff931df9 (webtiles) character file.

Game seed: 15401374700487879824

947 DogServant the Conjurer (level 7, -5/40 HPs)
             Began as a Deep Elf Conjurer on Nov 10, 2020.
             Slain by a bullfrog (6 damage)
             ... on level 6 of the Dungeon.
             The game lasted 00:08:21 (4885 turns).

DogServant the Conjurer (Deep Elf Conjurer)         Turns: 4885, Time: 00:08:21

Health: -5/40      AC:  4    Str:  6    XL:     7   Next: 89%
Magic:  2/16       EV: 15    Int: 21    God:
Gold:   230        SH:  0    Dex: 15    Spells: 3/16 levels left

rFire    . . .     SeeInvis .   h - +3 dagger (elec)
rCold    . . .     Gourm    .   (no shield)
rNeg     . . .     Faith    .   a - +0 robe
rPois    .         Spirit   .   i - +0 helmet
rElec    .         Reflect  .   (no cloak)
rCorr    .         Harm     .   (no gloves)
MR       +....                  b - +0 pair of boots
Stlth    ++........             (no amulet)
HPRegen  0.13/turn              (no ring)
MPRegen  0.15/turn              n - ring of protection from magic

@: no status effects
A: no striking features
a: no special abilities


You were on level 6 of the Dungeon.
You were hungry.

You visited 2 branches of the dungeon, and saw 7 of its levels.

You collected 230 gold pieces.

Inventory:

Hand Weapons
 h - a +3 dagger of electrocution (weapon)
Armour
 a - a +0 robe (worn)
 b - a +0 pair of boots (worn)
 i - a +0 helmet (worn)
 k - a +0 buckler
Jewellery
 n - a ring of protection from magic (right hand)
 u - a cursed -4 ring of dexterity {unknown}
 w - an uncursed ring of ice {unknown}
Wands
 d - a wand of flame (1)
 v - a wand of enslavement (7)
Scrolls
 e - 5 scrolls of teleportation
 f - 5 scrolls of identify
 j - 2 scrolls of remove curse
 r - 2 scrolls of amnesia {unknown}
 s - 2 scrolls of fog {unknown}
 t - a scroll of fear {unknown}
Potions
 g - 2 potions of curing
 l - a potion of mutation {unknown}
 m - 2 potions of heal wounds {unknown}
 o - 4 potions of might {unknown}
 p - a potion of degeneration {unknown}
 x - a potion of experience {unknown}
Comestibles
 c - 13 rations


   Skills:
 + Level 2.1 Fighting
 - Level 2.0 Short Blades
 - Level 5.0 Dodging
 - Level 2.4 Stealth
 - Level 5.1 Spellcasting
 - Level 7.0 Conjurations
 + Level 3.9 Hexes
 + Level 3.1 Earth Magic


You had 3 spell levels left.
You knew the following spells:

 Your Spells              Type           Power        Failure   Level  Hunger
a - Magic Dart            Conj           ####         1%          1    None
b - Searing Ray           Conj           ####..       1%          2    None
c - Dazzling Flash        Conj/Hex       ####..       3%          3    ##.....
d - Stone Arrow           Conj/Erth      ####..       4%          3    ##.....
e - Fulminant Prism       Conj/Hex       ####......   11%         4    ####...

Your spell library contained the following spells:

 Spells                   Type           Power        Failure   Level  Hunger
 Corona                   Hex            ###....      2%          1    None
 Animate Skeleton         Necr           N/A          11%         1    None
 Apportation              Tloc           #.....       11%         1    None
 Beastly Appendage        Tmut           #.....       11%         1    None
 Summon Small Mammal      Summ           #...         11%         1    None
 Corpse Rot               Necr/Air       N/A          16%         2    None
 Sticks to Snakes         Tmut           #.......     16%         2    None
 Spider Form              Tmut/Pois      #.........   32%         3    ##.....
 Iskenderun's Mystic Bla  Conj/Tloc      ###.....     26%         4    ####...
 Ice Form                 Ice/Tmut       #.......     71%         4    ####...
 Blade Hands              Tmut           #.........   96%         5    #####..
 Summon Forest            Summ/Tloc      #.........   96%         5    #####..
 Eringya's Noxious Bog    Tmut/Pois      #.........   100%        6    #######
 Hydra Form               Tmut           #.........   100%        6    #######
 Summon Hydra             Summ           #.........   100%        7    #######


Dungeon Overview and Level Annotations

Branches:
Dungeon (6/15)             Temple (1/1) D:5

Altars:
Cheibriados
Dithmenos
Elyvilon
Fedhas
Kikubaaqudgha
Makhleb
Nemelex Xobeh
Okawaru
Ru
Sif Muna
Trog
Uskayaw
Vehumet
Wu Jian
Yredelemnul
Zin


Message History

The bullfrog hits you but does no damage.
You completely miss the bullfrog.
The bullfrog is severely wounded.
The bullfrog misses you. The bullfrog closely misses you.
You closely miss the bullfrog.
The bullfrog is severely wounded.
The bullfrog closely misses you.
You hit the bullfrog.
The bullfrog is almost dead.
The bullfrog hits you.
* * * LOW HITPOINT WARNING * * *
You closely miss the bullfrog.
The bullfrog is almost dead.
The bullfrog barely misses you. The bullfrog hits you!
* * * LOW HITPOINT WARNING * * *
You hit the bullfrog but do no damage.
The bullfrog is almost dead.
The bullfrog swells and bulges.
The bullfrog hits you.
You die...

*,,,.............#*#,*
*,,...[......#......,*
*****,.........#........,******
,,,,,,.........#.#.....[,,,,,,*
*****,.........#.#......<,,,,,*
*****#.#####>#......,,,,,,*
#.###.......!..,,,,,,*
#.$...##(......*******
###..)...@F####..*
#........#.#,,,,**
#......>.#.#,****
#....<...#..,* ##########...*
*...# *...# *####


You could see a bullfrog.

Vanquished Creatures
  2 ice beasts (D:6)
  3 ogres
  A bullfrog (D:6)
  A scorpion (D:6)
  A crimson imp (D:4)
  An orc priest (D:6)
  2 orc wizards (D:5)
  2 iguanas
  3 worker ants
  6 adders
  2 adder skeletons (D:5)
  A worm (D:5)
  2 dart slugs (D:1)
  8 leopard geckos
  12 orcs
  6 bats
  3 giant cockroaches
  5 goblins
  8 hobgoblins
  7 jackals (D:3)
  7 kobolds
  A quokka (D:2)
  9 frilled lizards
  A jackal skeleton (D:4)
  A quokka skeleton (D:6)
  5 rats
100 creatures vanquished.

Vanquished Creatures (others)
  A fulminant prism (D:6)
1 creature vanquished.

Grand Total: 101 creatures vanquished

Notes
Turn   | Place    | Note
-------+----------+-------------------------------------------
     0 | D:1      | DogServant the Deep Elf Conjurer began the quest for the
                  | Orb.
     0 | D:1      | Reached XP level 1. HP: 10/10 MP: 6/6
   216 | D:1      | Reached XP level 2. HP: 15/15 MP: 6/8
   220 | D:1      | Learned a level 2 spell: Searing Ray
   442 | D:1      | Reached skill level 1 in Short Blades
   444 | D:1      | Reached XP level 3. HP: 19/19 MP: 1/9
   469 | D:1      | Reached skill level 5 in Conjurations
  1012 | D:2      | Found an ancient bone altar of Kikubaaqudgha.
  1086 | D:2      | Found a bloodstained altar of Trog.
  1870 | D:3      | Reached XP level 4. HP: 24/24 MP: 3/10
  2151 | D:3      | Found a sparkling altar of Nemelex Xobeh.
  2598 | D:4      | Noticed an ogre
  2674 | D:4      | Killed an ogre
  2674 | D:4      | Reached skill level 6 in Conjurations
  2674 | D:4      | Reached XP level 5. HP: 28/28 MP: 6/12
  2821 | D:4      | Noticed an ogre
  2831 | D:4      | Killed an ogre
  2970 | D:4      | Reached XP level 6. HP: 32/32 MP: 11/14
  3098 | D:4      | Found a white marble altar of Elyvilon.
  3263 | D:4      | Found a radiant altar of Vehumet.
  3263 | D:4      | Found a burning altar of Makhleb.
  3401 | D:5      | Entered Level 5 of the Dungeon
  3410 | D:5      | Learned a level 3 spell: Dazzling Flash
  3414 | D:5      | Learned a level 3 spell: Stone Arrow
  3419 | D:5      | Learned a level 4 spell: Fulminant Prism
  3449 | D:5      | Reached skill level 5 in Spellcasting
  3796 | D:5      | Found a staircase to the Ecumenical Temple.
  3802 | Temple   | Entered the Ecumenical Temple
  3963 | D:5      | Reached skill level 1 in Hexes
  4515 | D:6      | Reached skill level 5 in Dodging
  4515 | D:6      | Reached skill level 1 in Earth Magic
  4515 | D:6      | Reached XP level 7. HP: 36/36 MP: 9/16
  4672 | D:6      | Reached skill level 1 in Fighting
  4672 | D:6      | Reached skill level 7 in Conjurations
  4884 | D:6      | HP: 1/40 [bullfrog (8)]
  4885 | D:6      | Slain by a bullfrog

Illustrated notes

Levels and vault maps discovered:
D:1:      ncdulo_wetmaze, layout_basic
D:2:      layout_basic, nicolae_overflow_crystal_walls, kiku_gazebo_pond_becter
D:3:      layout_basic, lemuel_crystal_altar, first_ration
D:4:      layout_cave_pools, grunt_temple_overflow_lords_of_destruction,
          marbit_many_paths, serial_column_ruins, column_ruins_columns_dead_end,
          column_ruins_corridor_straight, column_ruins_open_small,
          column_ruins_open_tiny, column_ruins_open_small_water,
          column_ruins_grid_3, column_ruins_grid_4, minmay_strange_pillars
D:5:      layout_gridville, minmay_temple_entry_offerings, serial_bayou_pond_d
D:6:      layout_rooms, gup_sewer_entry_pipe
Temple:   eino_wide_crystal_templ

Skill      XL: |  1  2  3  4  5  6  7 |
---------------+----------------------+-----
Dodging        | 3 4 5 |  5.0
Short Blades   | 1 2 |  2.0
Conjurations   | 5 6 7 |  7.0
Spellcasting   | 4 5 |  5.1
Hexes          | 1 3 |  3.9
Earth Magic    | 1 3 |  3.1
Fighting       | 2 |  2.1
Stealth        | |  2.4

Action                   |  1- 3 |  4- 6 |  7- 9 || total
-------------------------+-------+-------+-------++-------
Melee: Dagger            |    51 |    18 |    13 ||    82
 Cast: Magic Dart        |    44 |    27 |       ||    71
       Searing Ray       |     5 |    22 |    11 ||    38
       Dazzling Flash    |       |       |     2 ||     2
       Fulminant Prism   |       |       |     1 ||     1
  Use: Scroll            |     3 |     1 |     2 ||     6
 Stab: Sleeping          |     2 |     1 |       ||     3
  Eat: Chunk             |     3 |     7 |     2 ||    12
Armor: Robe              |    11 |     3 |     5 ||    19
Dodge: Dodged            |    45 |    21 |    23 ||    89
